 Dungeon Crawl Stone Soup version 0.27.1 (webtiles) character file.

Game seed: 10732818614702145777

21 ZARRMARR the Insei (level 2, -1/18 HPs)
             Began as an Octopode Transmuter on Sept 4, 2021.
             Slain by a ball python (3 damage)
             ... on level 1 of the Dungeon.
             The game lasted 00:02:52 (1317 turns).

ZARRMARR the Insei (Octopode Transmuter)            Turns: 1317, Time: 00:02:53

Health: -1/18      AC:  1    Str:  9    XL:     2   Next: 87%
Magic:  5/5        EV: 10    Int: 15    God:
Gold:   22         SH:  0    Dex: 12    Spells: 4/5 levels left

rFire    . . .     SeeInvis .     - Unarmed
rCold    . . .     Faith    .   (no shield)
rNeg     . . .     Spirit   .   (helmet currently unavailable)
rPois    +         Reflect  .   (no amulet)
rElec    .         Harm     .   a - ring of poison resistance
rCorr    .         Rampage  .   b - ring of willpower
Will     +....                  (no ring)
Stlth    +++.......             (no ring)
HPRegen  0.06/turn              (no ring)
MPRegen  0.09/turn              (no ring)
                                (no ring)
                                (no ring)

@: appendages, constricted
A: tentacle spike 3, almost no armour, amphibious, 8 rings, camouflage 1,
gelatinous body 1, (nimble swimmer 1), tentacles
a: End Transformation


You were on level 1 of the Dungeon.
One of your tentacles had grown a beastly spike.
You visited 1 branch of the dungeon, and saw 2 of its levels.

You collected 22 gold pieces.

Inventory:

Jewellery
 a - a ring of poison resistance (left tentacle)
 b - a ring of willpower (right tentacle)
 d - a ring of flight
Scrolls
 e - a scroll of teleportation


   Skills:
 + Level 1.3 Fighting
 + Level 2.1 Dodging
 + Level 1.3 Stealth
 + Level 3.2 Unarmed Combat
 + Level 2.1 Spellcasting
 + Level 2.2 Transmutations


You had 4 spell levels left.
You knew the following spells:

 Your Spells              Type           Power      Damage    Failure   Level
a - Beastly Appendage     Tmut           16%        N/A       9%          1

Your spell library contained the following spells:

 Spells                   Type           Power      Damage    Failure   Level
 Wereblood                Tmut           8%         N/A       13%         2
 Spider Form              Tmut/Pois      2%         N/A       38%         3
 Ice Form                 Ice/Tmut       5%         N/A       80%         4


Dungeon Overview and Level Annotations

Branches:
Dungeon (2/15)

Altars:


Innate Abilities, Weirdness & Mutations

One of your tentacles has grown a beastly spike.
You cannot wear most types of armour.
You are amphibious.
You can wear up to eight rings at the same time.
Your skin changes colour to match your surroundings (Stealth+).
Your rubbery body absorbs attacks. (AC +1, EV +1)
((You are camouflaged near water. (Stealth+)))
You have tentacles for arms and can constrict up to eight enemies at once.


Message History

You start resting.
HP restored.
You start waiting.
Done waiting.
Casting: Beastly Appendage (safe; 9% risk of failure)
Confirm with . or Enter, or press ? or * to list all spells.
One of your tentacles grows a vicious spike.
You climb downwards.
The kobold throws a poisoned dart.
The poisoned dart closely misses you. The ball python barely misses you. x2
There is a stone staircase leading up here.
The ball python closely misses you. The ball python grabs you.
You stop ascending the stairs.
The ball python constricts you. The adder bites you.
Unknown command.
The ball python's grasp on you weakens, but your attempt to escape fails.
The ball python bites you. The ball python constricts you. The adder bites you.
Unknown command.
You escape the ball python's grasp.
The adder closely misses you. The ball python barely misses you.
The ball python closely misses you.
The kobold throws a poisoned dart.
The poisoned dart hits you!
You climb upwards.
There is a stone staircase leading down here.
You tentacle-slap the adder but do no damage.
Your grab misses the adder.
Your tentacle spike misses the adder.
The adder misses you. The ball python barely misses you.
The ball python grabs you. The ball python constricts you.
The adder barely misses you.
You closely miss the ball python. Your grab misses the ball python.
The ball python barely misses you. The ball python constricts you.
The adder bites you.
You closely miss the adder. Your grab misses the adder.
The ball python closely misses you. The ball python constricts you.
* * * LOW HITPOINT WARNING * * *
The adder closely misses you. The ball python bites you.
* * * LOW HITPOINT WARNING * * *
The ball python constricts you.
* * * LOW HITPOINT WARNING * * *
You closely miss the adder. Your grab misses the adder.
The adder bites you but does no damage. The ball python bites you.
You die...

#####........#####
#................#
#.####.#########..
#.# ##.#.^.....#..
#.###..#.......#..
#.##.#.#..###..#..
#.#.#..#..+_#..'..
#S##...#..###..#..
#@###..#.......#..
#S# #..#.......#..
#.# #..#########..
#.###.............
#...........#.....
#####.##########..
##.## #..
##...##########.
##.#.#.........#)


You could see an adder and a ball python.

Vanquished Creatures
  A bat (D:1)
  3 endoplasms
  A giant cockroach (D:1)
  4 goblins
  A hobgoblin (D:1)
  2 jackals (D:1)
  2 kobolds
  2 ball pythons (D:1)
  A rat (D:2)
17 creatures vanquished.

Notes
Turn   | Place    | Note
-------+----------+-------------------------------------------
     0 | D:1      | ZARRMARR the Octopode Transmuter began the quest for the
                  | Orb.
     0 | D:1      | Reached XP level 1. HP: 13/13 MP: 3/3
   259 | D:1      | Reached XP level 2. HP: 14/18 MP: 3/5
   534 | D:1      | Found a faded altar of an unknown god.
   954 | D:2      | Reached skill level 1 in Stealth
  1317 | D:1      | Slain by a ball python

Illustrated notes

Levels and vault maps discovered:
D:1:      dpeg_arrival_pond, layout_loops_ring,
          hellmonk_ecumenical_altar_inner_sanctum
D:2:      layout_rooms, basic_altar, serial_shops, shop, lexackson_kobold_supper

Skill      XL: |  1  2 |
---------------+-------+-----
Stealth        | 1 |  1.3
Fighting       | |  1.3
Dodging        | |  2.1
Unarmed Combat | |  3.2
Spellcasting   | |  2.1
Transmutations | |  2.2

Action                   || total
-------------------------++-------
Melee: Unarmed           ||    43
       Constrict         ||     6
       Kick              ||     6
       Tentacles         ||     1
 Cast: Beastly Appendage ||    13
  Use: Scroll            ||     2
       Potion            ||     1
 Stab: Sleeping          ||     4
Armor: Skin              ||     3
Dodge: Dodged            ||    40
